 Dungeon Crawl Stone Soup version 0.22.0-16-gc6d26f6 (webtiles) character file.

6294 Azzok the Geomancer (level 10, -11/69 HPs)
             Began as a Demigod Earth Elementalist on Aug 17, 2018.
             Mangled by a hornet (13 damage)
             ... on level 9 of the Dungeon.
             The game lasted 00:21:07 (12100 turns).

Azzok the Geomancer (Demigod Earth Elementalist)   Turns: 12100, Time: 00:21:08

Health: -11/69     AC:  3    Str: 11    XL:     10   Next: 37%
Magic:  6/24       EV: 12    Int: 25    God:
Gold:   428        SH:  0    Dex: 16    Spells: 3/12 levels left

rFire    . . .     SeeInvis .   u - +2 short sword (venom)
rCold    . . .     Gourm    .   (no shield)
rNeg     . . .     Faith    .   c - +0 robe
rPois    .         Spirit   .   (no helmet)
rElec    .         Reflect  .   x - +0 cloak
rCorr    .         Harm     .   (no gloves)
MR       +....                  (no boots)
Stlth    ++........             (no amulet)
HPRegen  0.21/turn              y - ring of magical power
MPRegen  0.19/turn              n - ring of wizardry

@: lethally poisoned (-11 -> -17), slowed, very slow
A: high mp 1
a: no special abilities


You were on level 9 of the Dungeon.
You were not hungry.

You visited 1 branch of the dungeon, and saw 9 of its levels.
You also visited: Sewer.

You collected 525 gold pieces.
You spent 97 gold pieces at shops.

Inventory:

Hand Weapons
 u - a +2 short sword of venom (weapon)
Missiles
 b - 183 stones (quivered)
Armour
 c - a +0 robe (worn)
 x - a +0 cloak (worn)
Jewellery
 n - a ring of wizardry (right hand)
 v - an uncursed ring of resist corrosion
 y - a ring of magical power (left hand)
 z - an uncursed ring of fire
Wands
 B - a wand of enslavement (9)
 D - a wand of digging (6)
Scrolls
 e - 5 scrolls of remove curse
 f - 7 scrolls of teleportation
 g - 5 scrolls of amnesia {unknown}
 h - 2 scrolls of noise {unknown}
 i - 3 scrolls of fog {unknown}
 j - 5 scrolls of identify {unknown}
 k - a scroll of enchant weapon {unknown}
 p - 2 scrolls of fear {unknown}
 q - a scroll of vulnerability {unknown}
 w - a scroll of enchant armour {unknown}
 A - a scroll of random uselessness {unknown}
Potions
 a - 7 potions of heal wounds
 l - 2 potions of lignification {unknown}
 m - 2 potions of haste {unknown}
 o - a potion of brilliance {unknown}
 r - 11 potions of curing
 s - 4 potions of ambrosia {unknown}
 t - 4 potions of flight {unknown}
 C - 4 potions of might
 F - a potion of agility {unknown}
Comestibles
 d - 10 rations
 E - 5 chunks of flesh


   Skills:
 - Level 1.7 Dodging
 - Level 1.7 Stealth
 - Level 1.7 Spellcasting
 + Level 7.3 Conjurations
   Level 0.8 Transmutations
 + Level 12.8 Earth Magic


You had 3 spell levels left.
You knew the following spells:

 Your Spells              Type           Power        Failure   Level  Hunger
a - Sandblast             Erth           ######       1%          1    #......
b - Stone Arrow           Conj/Erth      ######       1%          3    ###....
c - Lee's Rapid Deconstr  Erth           ######....   1%          5    ######.

Your spell library contained the following spells:

 Spells                   Type           Power        Failure   Level  Hunger
 Passwall                 Tmut/Erth      #####...     1%          2    ##.....
 Petrify                  Tmut/Erth      #####...     2%          4    #####..


Dungeon Overview and Level Annotations

Branches:
Dungeon (9/15)             Temple (0/1) D:6
   Lair: D:8-11         Orc: D:9-12

Shops:
D:5 %   D:6 *   D:8 ?:!!(

Annotations:
D:8 3 runed doors, DrakeDragon's ghost, novice HaAE
D:9 Maurice


Innate Abilities, Weirdness & Mutations

You have an increased reservoir of magic. (+10% MP)


Message History

You feel sick. The hornet stings you!
* * * LOW HITPOINT WARNING * * *
You feel as though you will be slow longer.
The hornet stings you!
* * * LOW HITPOINT WARNING * * *
You feel as though you will be slow longer.
Casting: Sandblast (safe; 1% risk of failure)
Confirm with . or Enter, or press ? or * to list all spells.
Aiming: Sandblast (safe; 1% risk of failure)
Press: ? - help, Shift-Dir - straight line, f/p - hornet
Aim: a hornet (heavily wounded)
The blast of sand hits the hornet.
The hornet is heavily wounded.
b - 183 stones
* * * LOW MAGIC WARNING * * *
You feel sick. The hornet misses you. The hornet stings you!
* * * LOW HITPOINT WARNING * * *
You feel as though you will be slow longer.
The hornet stings you!
You die...

▒····▒ ▒····▒
▒····▒ ▒····▒
▒▒'▒▒▒ ▒····▒
▒····▒
▒▒▒▒▒···y▒ ▒
▒·······@▒ ▒·
▒········▒ ▒·
▒···▒▒▒▒▒▒
▒▒·@▒▒▒÷▒▒····▒
▒···▒·y·······▒
▒···'·········▒
▒·@·▒·········▒
▒··▒▒·········▒
·· ▒··········▒


You could see a hornet.

Vanquished Creatures
  Pikel (D:5)
  Psyche (D:8)
  A gargoyle (D:8)
  A troll (D:8)
  A wyvern (D:8)
  5 yaks (D:9)
  Grum (D:8)
  A soldier ant (D:6)
  A water moccasin (D:5)
  A phantom (D:7)
  2 sky beasts
  A necrophage (D:8)
  3 ogres
  3 wolves (D:8)
  2 centaurs (D:5)
  A crocodile (D:6)
  2 big kobolds (Sewer)
  Blork the orc (D:4)
  4 bullfrogs
  2 scorpions
  5 wights
  14 killer bees
  A howler monkey (D:6)
  10 crimson imps
  A centaur skeleton (D:5)
  2 orc priests
  4 hounds
  2 bullfrog skeletons
  2 iguanas
  6 orc wizards
  4 worker ants
  2 hound skeletons
  A worker ant zombie (D:9)
  8 adders
  6 river rats (D:5)
  2 shadow imps
  3 oozes
  An adder zombie (D:6)
  4 adder skeletons
  3 worms
  A dart slug (D:1)
  2 leopard geckos (D:6)
  28 orcs
  3 ball pythons
  9 bats
  8 giant cockroaches
  6 hobgoblins
  11 jackals
  6 quokkas
  A frilled lizard (D:3)
  6 goblins
  A jackal skeleton (D:4)
  14 kobolds
  A quokka skeleton (D:4)
  25 rats
238 creatures vanquished.

Vanquished Creatures (others)
  A centaur (D:5)
  A jackal (D:5)
  3 quokkas (D:5)
  A rat (D:5)
6 creatures vanquished.

Grand Total: 244 creatures vanquished

Notes
Turn   | Place    | Note
-------+----------+-------------------------------------------
     0 | D:1      | Azzok the Demigod Earth Elementalist began the quest for the Orb.
     0 | D:1      | Reached XP level 1. HP: 14/14 MP: 5/5
   139 | D:1      | Reached skill level 3 in Earth Magic
   288 | D:1      | Reached XP level 2. HP: 20/20 MP: 5/7
   827 | D:2      | Found an iron altar of Okawaru.
  1002 | D:2      | Found a blossoming altar of Fedhas.
  1233 | D:3      | Found a shimmering altar of Xom.
  1326 | D:3      | Found a shattered altar of Ashenzari.
  1357 | D:3      | Noticed a scorpion
  1363 | D:3      | Killed a scorpion
  1363 | D:3      | Reached skill level 4 in Earth Magic
  1363 | D:3      | Reached XP level 3. HP: 22/26 MP: 3/8
  1376 | D:3      | Reached XP level 4. HP: 29/33 MP: 2/9
  1854 | D:2      | Learned a level 3 spell: Stone Arrow
  1985 | D:3      | Reached skill level 5 in Earth Magic
  2783 | D:4      | Noticed an ogre
  2787 | D:4      | Killed an ogre
  2787 | D:4      | Reached XP level 5. HP: 19/38 MP: 2/10
  3323 | D:4      | Reached skill level 6 in Earth Magic
  3465 | D:4      | Reached XP level 6. HP: 35/45 MP: 2/11
  3600 | D:4      | Noticed Blork the orc
  3610 | D:4      | Killed Blork the orc
  3993 | D:4      | Reached skill level 7 in Earth Magic
  4268 | D:5      | Entered Level 5 of the Dungeon
  4446 | D:5      | Found Imuxziwo's Food Shop.
  4459 | D:5      | Noticed a water moccasin
  4463 | D:5      | Killed a water moccasin
  4546 | D:5      | Found a white marble altar of Elyvilon.
  4625 | D:5      | Reached XP level 7. HP: 44/50 MP: 5/12
  4724 | D:5      | Reached skill level 8 in Earth Magic
  4935 | D:5      | Found an ancient bone altar of Kikubaaqudgha.
  5008 | D:5      | Noticed Pikel
  5023 | D:5      | Found a hazy altar of Hepliaklqana.
  5082 | D:5      | Killed Pikel
  5082 | D:5      | Reached skill level 10 in Earth Magic
  5082 | D:5      | Reached XP level 8. HP: 18/57 MP: 4/13
  6286 | D:5      | Found a shimmering altar of Xom.
  6394 | D:5      | Found a deep blue altar of Sif Muna.
  6869 | D:6      | Found Zin's Purification Station.
  6875 | D:6      | Found a glowing silver altar of Zin.
  6915 | D:6      | Found a staircase to the Ecumenical Temple.
  6929 | D:6      | Reached skill level 1 in Conjurations
  6929 | D:6      | Reached skill level 11 in Earth Magic
  7095 | D:6      | Found a glowing drain.
  7142 | Sewer    | Entered a sewer
  7608 | Sewer    | Reached XP level 9. HP: 54/62 MP: 4/14
  7912 | D:6      | Learned a level 5 spell: Lee's Rapid Deconstruction
  8104 | D:6      | Found a radiant altar of Vehumet.
  9408 | D:7      | Found a hide-covered altar of Uskayaw.
  9411 | D:7      | Noticed a hand axe
  9412 | D:7      | Noticed a dagger
  9506 | D:7      | Reached skill level 5 in Conjurations
  9748 | D:8      | Reached skill level 12 in Earth Magic
  9842 | D:8      | Noticed a gargoyle
  9856 | D:8      | Killed a gargoyle
 10033 | D:8      | HP: 2/62 [wolf[Grum] (10)]
 10363 | D:8      | Found Kuixuf's Weapon Shoppe.
 10406 | D:8      | Noticed Grum
 10414 | D:8      | Killed Grum
 10472 | D:8      | Reached XP level 10. HP: 69/69 MP: 15/15
 10525 | D:8      | Noticed Psyche
 10529 | D:8      | Killed Psyche
 10771 | D:8      | Found Coynyiko's Distillery.
 10779 | D:8      | Bought a potion of degeneration for 13 gold pieces
 10785 | D:8      | Found Sesommy's Book Boutique.
 10789 | D:8      | Found Xianivume's Magic Scroll Boutique.
 10810 | D:8      | Bought a scroll of teleportation for 39 gold pieces
 10947 | D:8      | Found Upuewanali's Distillery.
 10950 | D:8      | Bought a potion of curing for 45 gold pieces
 11026 | D:8      | Found a sparkling altar of Nemelex Xobeh.
 11350 | D:8      | Found a runed gate.
 11350 | D:8      | Found a runed gate.
 11351 | D:8      | Found a runed gate.
 11355 | D:8      | Noticed DrakeDragon's ghost (novice HaAE)
 11797 | D:9      | Noticed a two-headed ogre
 11988 | D:9      | Noticed Maurice
 12100 | D:9      | HP: 2/69 [hornet (8)]
 12100 | D:9      | Mangled by a hornet

Skill      XL: |  1  2  3  4  5  6  7  8  9 10 |
---------------+-------------------------------+-----
Earth Magic    | 3 4 5 6 7 10 11 12 | 12.8
Conjurations   | 2 6 7 |  7.3
Dodging        | |  1.7
Stealth        | |  1.7
Spellcasting   | |  1.7
Transmutations | |  0.8

Action                   |  1- 3 |  4- 6 |  7- 9 | 10-12 || total
-------------------------+-------+-------+-------+-------++-------
Melee: Unarmed           |     1 |       |       |       ||     1
       Whip              |       |    15 |    87 |       ||   102
       Short sword       |       |       |    10 |       ||    10
 Cast: Sandblast         |    31 |    51 |    74 |     5 ||   161
       Stone Arrow       |       |    44 |   150 |    37 ||   231
       Lee's Rapid Decon |       |       |     2 |     4 ||     6
  Use: Scroll            |       |     1 |     1 |       ||     2
  Eat: Chunk             |     2 |     8 |    24 |    10 ||    44
       Ration            |       |     2 |     4 |       ||     6
Armor: Robe              |     2 |     5 |    29 |     5 ||    41
Dodge: Dodged            |     7 |    40 |   153 |    12 ||   212
